 Dungeon Crawl Stone Soup version 0.22.0-40-g68aacdc (webtiles) character file.

123676 troglodite the Carver (level 16, -33/132 HPs)
             Began as a Demonspawn Berserker on Aug 30, 2018.
             Was a High Priest of Trog.
             Killed from afar by a merfolk aquamancer (35 damage)
             ... with a torrent of water
             ... on level 4 of the Shoals on Sept 2, 2018.
             The game lasted 01:46:03 (28445 turns).

troglodite the Carver (Demonspawn Berserker)       Turns: 28445, Time: 01:46:05

Health: -33/132    AC: 23    Str: 17    XL:     16   Next: 37%
Magic:  16/16      EV: 21    Int: 12    God:    Trog [*****.]
Gold:   3217       SH: 13    Dex: 22    Spells: 15/15 levels left

rFire    . . .     SeeInvis .   W - +7 scimitar (elec)
rCold    + + .     Gourm    .   R - +0 shield
rNeg     + . .     Faith    .   T - +1 ring mail "Qekoupul" {MR+++ Regen+ Str-4 Int+3}
rPois    .         Spirit   .   (helmet unavailable)
rElec    .         Reflect  .   k - +2 cloak
rCorr    .         Harm     .   j - +2 pair of gloves {Dex+3}
MR       ++++.                  g - +2 pair of boots
Stlth    ++........             (no amulet)
HPRegen  0.72/turn              P - ring of Pollec {rN+ Str+3}
MPRegen  0.15/turn              m - +2 ring of evasion

@: berserk cooldown, very slightly contaminated, very slow
A: horns 3, icy blue scales 3, cold resistance 1, nightstalker 1, powered by
death 2, freezing cloud immunity
a: Berserk, Trog's Hand, Brothers in Arms, Renounce Religion


You were on level 4 of the Shoals.
You worshipped Trog.
Trog was extremely pleased with you.
You were not hungry.

You visited 4 branches of the dungeon, and saw 25 of its levels.
You also visited: Ossuary and Ice Cave.

You collected 3217 gold pieces.

Inventory:

Hand Weapons
 D - a +3 scimitar of protection
 I - a +8 scimitar of flaming
 W - a +7 scimitar of electrocution (weapon)
Armour
 a - a +1 pair of boots of flying
 g - a +2 pair of boots (worn)
 j - a +2 pair of gloves of dexterity (worn)
 k - a +2 cloak (worn)
 M - a +5 plate armour of cold resistance
 Q - +0 fire dragon scales
 R - a +0 shield (worn)
 T - the +1 ring mail "Qekoupul" (worn) {MR+++ Regen+ Str-4 Int+3}
   (You found it on level 4 of the Shoals)

   It affects your strength (-4).
   It affects your intelligence (+3).
   It affects your resistance to hostile enchantments.
   It increases your rate of regeneration.
 U - a +1 chain mail of magic resistance
 Z - a scarf of spirit shield
Jewellery
 m - a +2 ring of evasion (right hand)
 r - a +1 ring of protection
 x - an uncursed ring of protection from cold
 y - a +1 ring of evasion
 B - an uncursed ring of resist corrosion
 J - an uncursed ring of flight
 P - the ring of Pollec (left hand) {rN+ Str+3}
   (You acquired it on level 3 of the Shoals)

   [ring of positive energy]

   It affects your strength (+3).
   It protects you from negative energy.
Wands
 b - a wand of digging (4)
Scrolls
 d - a scroll of blinking
 o - 5 scrolls of fear
 p - 5 scrolls of remove curse
 u - 5 scrolls of fog
 A - 3 scrolls of magic mapping
 E - 13 scrolls of identify
 G - a scroll of brand weapon
 N - a scroll of teleportation
Potions
 e - 2 potions of resistance
 f - 3 potions of agility
 h - 13 potions of curing
 i - 3 potions of heal wounds
 l - 4 potions of might
 n - 4 potions of lignification
 q - a potion of flight
 s - 3 potions of brilliance
 t - 3 potions of mutation
 v - 3 potions of invisibility
 z - 2 potions of magic
 C - 2 potions of cancellation
 K - a potion of ambrosia
 L - 3 potions of berserk rage
Comestibles
 c - 39 rations
 X - 6 chunks of flesh


   Skills:
 * Level 13.8 Fighting
 + Level 14.0 Long Blades
 * Level 13.4 Armour
 * Level 10.8 Dodging
 + Level 1.7 Stealth
 * Level 10.8 Shields


You had 15 spell levels left.
You didn't know any spells.
Your spell library was empty.

Dungeon Overview and Level Annotations

Branches:
Dungeon (13/15)            Temple (0/1) D:4            Lair (6/6) D:8
 Shoals (4/4) Lair:3        Snake (0/4) Lair:3        Slime (0/5) Lair:6
    Orc (2/2) D:11            Elf (0/3) Orc:2
 Vaults: D:13-14

Altars:
Ashenzari
Dithmenos
Fedhas
Hepliaklqana
Makhleb
Nemelex Xobeh
Qazlal
Ru
Trog
Wu Jian
Xom
Zin
Beogh
Jiyva

Shops:
Orc:2 !(([

Annotations:
D:13 Verendum's ghost, journeyman HaHu; Ytra's ghost, journeyman HOFi; sbiou's ghost, journeyman GnWn


Innate Abilities, Weirdness & Mutations

You have a pair of large horns on your head.
You are completely covered in icy blue scales. (AC +4, rC+)
Your flesh is cold resistant. (rC+)
You are slightly more attuned to the shadows.
You regenerate health from kills.
You are immune to freezing clouds.


Message History

* * * LOW HITPOINT WARNING * * *
You fail to use your ability.
The merfolk aquamancer hits you with a rapier of holy wrath!
* * * LOW HITPOINT WARNING * * *
You convulse!
* * * LOW HITPOINT WARNING * * *
You feel much better.
You feel yourself speed up.
The merfolk aquamancer points at you and mumbles some strange words.
The torrent of water hits you!
* * * LOW HITPOINT WARNING * * *
You are knocked back by the torrent of water.
Splash!
You fall into the shallow water.
Moving in this stuff is going to be slow.
The wave splashes down.
The merfolk aquamancer points at you and mumbles some strange words.
The torrent of water passes through the water elemental.
The torrent of water hits you!
You die...

≈≈≈ ≈≈≈≈≈≈≈≈≈≈≈≈≈≈≈≈≈≈≈ ≈≈≈
≈≈≈≈≈≈≈≈≈≈≈.≈≈≈≈≈≈≈≈≈≈≈≈ ≈≈
≈≈≈≈≈≈≈≈≈≈≈≈≈≈..≈≈≈≈≈≈≈≈≈≈≈≈
≈≈≈≈≈≈≈≈≈≈≈≈≈....≈≈≈≈≈≈≈≈≈≈≈≈
#≈≈..≈≈≈≈≈≈......≈≈.≈≈≈≈≈≈≈≈≈
#≈.....≈≈≈....#.<).≈≈≈≈≈≈≈≈≈. m#
#≈.......EmmE....≈≈≈≈≈≈≈≈≈≈. ≈m≈
##........≈E≈.......P≈≈≈≈≈≈. #c#
#≈≈......EC@≈........≈≈≈≈≈≈. ≈
##≈........≈.......)≈≈[≈≈≈≈.
#≈................PP.≈≈≈≈≈≈.
#≈...............P...≈P≈≈≈≈≈
##≈..........≈........≈≈≈≈≈≈. #
#............≈≈....≈P≈≈≈[≈≈≈≈
#####...../......≈≈≈P..≈≈≈≈P≈≈P≈≈
.................≈P≈≈≈≈PPP≈≈≈≈≈≈.
..............PPP.≈≈P≈PPP≈≈≈≈≈≈≈.


You could see a frost giant, a merfolk aquamancer, a merfolk and 4 water
elementals.

Vanquished Creatures
  Rupert (Orc:2)
  A kraken (Shoals:3)
  An azure jelly (Lair:6)
  An orc warlord (Orc:1)
  The ghost of Folque the Thaumaturge, a journeyman DsWz of Sif Muna (Shoals:1)
  Azrael (Orc:2)
  4 merfolk impalers
  Harold (D:8)
  A fire dragon (Lair:6)
  The ghost of Lew the Severer, a journeyman GrFi of Okawaru (D:13)
  3 merfolk avatars
  9 hydras
  4 merfolk aquamancers
  Erica (D:8)
  6 two-headed ogres
  A centaur warrior (D:8)
  2 satyrs (Shoals:4)
  2 tengu warriors (D:13)
  An orc high priest (Orc:2)
  Nergalle (D:11)
  4 skeletal warriors (D:11)
  An unseen horror (D:10)
  8 sea snakes
  4 ugly things
  7 harpies
  An orc knight (D:12)
  An oklob plant (Lair:2)
  17 fauns
  3 cyclopes
  3 orc sorcerers
  4 slime creatures (D:11)
  17 elephants
  Maurice (Orc:1)
  4 manticores
  4 merfolk sirens
  3 ice statues (IceCv)
  3 water nymphs
  A torpor snail (Lair:3)
  12 spiny frogs
  7 rime drakes
  A komodo dragon (Lair:1)
  A spectral merfolk (Shoals:1)
  An efreet (D:13)
  A kobold demonologist (D:11)
  19 merfolk
  A troll (Orc:2)
  The ghost of Americanboy the Chopper, an amateur MiFi (D:4)
  A hornet (D:11)
  11 polar bears
  A queen bee (D:9)
  A raiju (Lair:6)
  12 blink frogs
  10 hippogriffs
  11 dream sheep
  5 snapping turtles
  6 wind drakes
  Sigmund (D:4)
  17 basilisks
  7 water elementals
  The ghost of Terandir the Covered, an amateur MiFi (D:4)
  7 wyverns
  12 yaks
  3 hogs (D:8)
  A hungry ghost (D:7)
  3 fire elementals (Orc:2)
  A human (D:8)
  3 steam dragons
  6 nagas (Lair:3)
  10 wargs
  2 acid dragons (Lair:6)
  19 hell hounds
  10 water moccasins
  4 porcupines
  A swamp drake (Lair:6)
  39 orc warriors
  14 ice beasts
  A phantom (D:5)
  4 sky beasts
  11 black bears (Lair:6)
  An eye of draining (D:12)
  2 centaurs
  24 wolves
  8 ogres
  11 crocodiles
  Blork the orc (D:4)
  3 big kobolds (D:11)
  16 bullfrogs
  A wyvern skeleton (D:6)
  3 scorpions
  17 killer bees (D:9)
  3 howler monkeys (D:7)
  9 wights
  An electric eel (Lair:4)
  4 crimson imps
  6 hounds
  A quasit (D:13)
  A bullfrog zombie (D:4)
  31 orc priests
  2 bullfrog skeletons (D:6)
  2 jellies
  25 orc wizards
  An iguana (D:6)
  10 worker ants
  5 hell rats (Lair:3)
  A big kobold zombie (Ossuary)
  A hound zombie (D:8)
  3 mummies
  Robin (D:4)
  4 worker ant zombies
  7 adders
  6 river rats (Lair:3)
  2 shadow imps
  An ooze (D:4)
  An adder zombie (D:8)
  2 worms (D:2)
  2 dart slugs
  8 leopard geckos
  111 orcs
  5 ball pythons
  7 bats
  4 giant cockroaches
  12 goblins
  10 hobgoblins
  4 jackals (D:6)
  11 kobolds
  8 quokkas
  4 frilled lizards
  3 goblin zombies
  3 hobgoblin zombies
  2 kobold zombies (Ossuary)
  An orc zombie (Ossuary)
  A quokka zombie (D:7)
  10 rats
  3 fungi (Lair:5)
  7 plants
  6 tentacles (Shoals:3)
847 creatures vanquished.

Vanquished Creatures (collateral kills)
  The ghost of Qoguth the Slayer, an adept MiFi of Jiyva (Shoals:3)
  2 orc warlords
  2 merfolk impalers
  A hydra (Lair:4)
  A satyr (Shoals:1)
  A dancing weapon (Shoals:3)
  A swamp dragon (Lair:6)
  A spectral sea snake (Shoals:1)
  A water nymph (Shoals:4)
  A rime drake (Lair:4)
  2 spectral merfolk (Shoals:1)
  A troll (Orc:1)
  A spectral manticore (Shoals:1)
  2 hippogriffs (Lair:4)
  2 spectral wind drakes (Shoals:1)
  3 wyverns (Lair:4)
  2 basilisks (Lair:4)
  2 wargs (Orc:1)
  A hell hound (Orc:2)
  6 orc warriors
  A centaur (Shoals:4)
  A merfolk simulacrum (Shoals:1)
  A snapping turtle simulacrum (Shoals:1)
  2 orc priests
  3 orc wizards
  9 orcs
51 creatures vanquished.

Vanquished Creatures (others)
  An acid dragon (Lair:6)
  An orc (D:10)
  2 fungi (Lair:4)
  13 plants
  18 tentacles (Shoals:3)
  6 withered plants (D:4)
41 creatures vanquished.

Grand Total: 939 creatures vanquished

Notes
Turn   | Place    | Note
-------+----------+-------------------------------------------
     0 | D:1      | troglodite the Demonspawn Berserker began the quest for the Orb.
     0 | D:1      | Reached XP level 1. HP: 18/18 MP: 1/1
   398 | D:1      | Gained mutation: You regenerate a little health from kills. [demonic ancestry]
   398 | D:1      | Reached XP level 2. HP: 24/24 MP: 2/2
   895 | D:2      | Reached skill level 3 in Long Blades
   895 | D:2      | Gained mutation: You have a pair of small horns on your head. [demonic ancestry]
   895 | D:2      | Reached XP level 3. HP: 20/29 MP: 3/3
  1199 | D:2      | Reached ** piety under Trog
  1576 | D:2      | Reached XP level 4. HP: 30/37 MP: 4/4
  2041 | D:3      | Gained mutation: You have a pair of horns on your head. [demonic ancestry]
  2041 | D:3      | Reached XP level 5. HP: 42/42 MP: 5/5
  2071 | D:3      | Found a blossoming altar of Fedhas.
  2433 | D:4      | Found a staircase to the Ecumenical Temple.
  2463 | D:4      | Noticed Robin
  2482 | D:4      | Killed Robin
  2938 | D:4      | Reached skill level 4 in Long Blades
  2938 | D:4      | Reached XP level 6. HP: 44/48 MP: 6/6
  3046 | D:4      | Noticed Blork the orc
  3053 | D:4      | Killed Blork the orc
  3344 | D:4      | Noticed Sigmund
  3357 | D:4      | Killed Sigmund
  3357 | D:4      | Reached *** piety under Trog
  3357 | D:4      | Reached XP level 7. HP: 55/55 MP: 7/7
  3420 | D:4      | Found a runed gate.
  3420 | D:4      | Found a runed gate.
  3420 | D:4      | Found a runed gate.
  3425 | D:4      | Noticed Terandir's ghost (amateur MiFi)
  3426 | D:4      | Noticed Americanboy's ghost (amateur MiFi)
  3569 | D:4      | Reached skill level 5 in Armour
  3961 | D:4      | Killed Terandir's ghost
  3967 | D:4      | Killed Americanboy's ghost
  3967 | D:4      | Reached skill level 5 in Long Blades
  3967 | D:4      | Gained mutation: You regenerate health from kills. [demonic ancestry]
  3967 | D:4      | Reached XP level 8. HP: 44/61 MP: 8/8
  4156 | D:5      | Entered Level 5 of the Dungeon
  4200 | D:5      | Reached skill level 5 in Fighting
  4285 | D:5      | Found a sand-covered staircase.
  4340 | Ossuary  | Entered an ossuary
  4766 | Ossuary  | Reached **** piety under Trog
  5491 | D:6      | Reached skill level 6 in Long Blades
  5914 | D:6      | Gained mutation: You are slightly more attuned to the shadows. [demonic ancestry]
  5914 | D:6      | Reached XP level 9. HP: 65/69 MP: 9/9
  6707 | D:7      | Found a shadowy altar of Dithmenos.
  6780 | D:7      | Found a sacrificial altar of Ru.
  6993 | D:7      | Found a bloodstained altar of Trog.
  7134 | D:8      | Reached ***** piety under Trog
  7317 | D:8      | Noticed Erica
  7327 | D:8      | Killed Erica
  7327 | D:8      | Reached skill level 7 in Long Blades
  7327 | D:8      | Reached skill level 5 in Dodging
  7438 | D:8      | Found a staircase to the Lair.
  7458 | D:8      | Noticed Harold
  7474 | D:8      | Killed Harold
  7474 | D:8      | Gained mutation: You are partially covered in icy blue scales. (AC +2) [demonic ancestry]
  7474 | D:8      | Reached XP level 10. HP: 62/79 MP: 10/10
  7819 | D:8      | Found a shattered altar of Ashenzari.
  7978 | D:8      | Noticed a centaur warrior
  8089 | D:8      | Killed a centaur warrior
  8089 | D:8      | Reached skill level 8 in Long Blades
  8690 | D:9      | Found a burning altar of Makhleb.
  8690 | D:9      | Noticed a blizzard demon
  8787 | D:9      | Noticed a two-headed ogre
  8796 | D:9      | Killed a two-headed ogre
  8880 | D:9      | Reached skill level 9 in Long Blades
  8923 | D:9      | Gained mutation: You are mostly covered in icy blue scales. (AC +3) [demonic ancestry]
  8923 | D:9      | Reached XP level 11. HP: 87/87 MP: 11/11
  9119 | D:9      | Found a stormy altar of Qazlal.
  9222 | D:9      | Found a sparkling altar of Nemelex Xobeh.
  9231 | D:9      | Found a hazy altar of Hepliaklqana.
  9476 | D:10     | Entered Level 10 of the Dungeon
  9525 | D:10     | Received a gift from Trog
  9636 | D:10     | Noticed a two-headed ogre
  9636 | D:10     | Noticed a cyan ugly thing
  9642 | D:10     | Killed a cyan ugly thing
  9646 | D:10     | Killed a two-headed ogre
  9693 | D:10     | Killed an unseen horror
  9723 | D:10     | Got a topaz-encrusted chain mail
  9742 | D:10     | Identified the cursed +0 chain mail "Ihaxolia" {*Contam rElec Dex+4} (You found it on level 10 of the Dungeon)
  9999 | D:11     | Noticed a two-headed ogre
 10005 | D:11     | Killed a two-headed ogre
 10057 | D:11     | Found a staircase to the Orcish Mines.
 10117 | D:11     | Noticed a purple ugly thing
 10125 | D:11     | Killed a purple ugly thing
 10422 | D:11     | Noticed Nergalle
 10444 | D:11     | Killed Nergalle
 10444 | D:11     | Reached skill level 10 in Long Blades
 10464 | D:11     | Found an ornate altar of the Wu Jian Council.
 10504 | D:11     | Noticed a skeletal warrior
 10515 | D:11     | Killed a skeletal warrior
 10515 | D:11     | Reached skill level 10 in Armour
 10515 | D:11     | Reached skill level 1 in Shields
 10572 | D:11     | Found a glowing silver altar of Zin.
 10883 | D:11     | Gained mutation: You have a pair of large horns on your head. [demonic ancestry]
 10883 | D:11     | Reached XP level 12. HP: 92/97 MP: 12/12
 11074 | D:11     | Noticed a two-headed ogre
 11087 | D:11     | Killed a two-headed ogre
 11093 | D:11     | Reached skill level 10 in Fighting
 11306 | D:12     | Noticed a five-headed hydra
 11314 | D:12     | Killed a one-headed hydra
 11320 | D:12     | Reached ****** piety under Trog
 11396 | D:12     | Received a gift from Trog
 11588 | D:12     | Noticed a two-headed ogre
 11593 | D:12     | Killed a two-headed ogre
 11844 | D:13     | Noticed a two-headed ogre
 11854 | D:13     | Killed a two-headed ogre
 11854 | D:13     | Reached skill level 11 in Long Blades
 11946 | D:13     | Noticed a tengu warrior
 11947 | D:13     | Noticed a tengu warrior
 11959 | D:13     | Killed a tengu warrior
 11970 | D:13     | Killed a tengu warrior
 12012 | D:13     | Found a stormy altar of Qazlal.
 12083 | D:13     | Found a runed gate.
 12084 | D:13     | Found a runed gate.
 12085 | D:13     | Found a runed gate.
 12086 | D:13     | Noticed Lew's ghost (journeyman GrFi)
 12086 | D:13     | Noticed Verendum's ghost (journeyman HaHu)
 12088 | D:13     | Noticed sbiou's ghost (journeyman GnWn)
 12093 | D:13     | Noticed Ytra's ghost (journeyman HOFi)
 12098 | D:13     | Killed Lew's ghost
 12162 | D:13     | Noticed a vault guard
 12254 | Orc:1    | Entered Level 1 of the Orcish Mines
 12302 | Orc:1    | Noticed Maurice
 12310 | Orc:1    | Reached skill level 1 in Stealth
 12324 | Orc:1    | Killed Maurice
 12375 | Orc:1    | Found a frozen archway.
 12438 | IceCv    | Entered an ice cave
 12485 | IceCv    | Gained mutation: Your flesh is cold resistant. (rC+) [demonic ancestry]
 12485 | IceCv    | Reached XP level 13. HP: 104/104 MP: 13/13
 12516 | IceCv    | Reached skill level 5 in Shields
 12674 | IceCv    | Received a gift from Trog
 12681 | IceCv    | Got a jewelled arbalest {god gift}
 12687 | IceCv    | Identified the +11 arbalest of Arrival {speed, rF+ rC+ MR- Dex+4} (Trog gifted it to you in an ice cave)
 12874 | Orc:1    | Noticed an orc warlord
 12885 | Orc:1    | Killed an orc warlord
 13211 | Orc:2    | Entered Level 2 of the Orcish Mines
 13212 | Orc:2    | Found a staircase to the Elven Halls.
 13225 | Orc:2    | Paralysed by an orc sorcerer for 6 turns
 13230 | Orc:2    | Noticed an orc warlord
 13626 | Orc:1    | Killed an orc warlord
 13838 | Orc:2    | Noticed Rupert
 13863 | Orc:2    | Killed Rupert
 14174 | Orc:2    | Received a gift from Trog
 14208 | Orc:2    | Found a roughly hewn altar of Beogh.
 14215 | Orc:2    | Found Elofya's Distillery.
 14428 | Orc:2    | Noticed Azrael
 14448 | Orc:2    | Killed Azrael
 15037 | Orc:2    | Noticed an orc warlord
 15044 | Orc:2    | Reached skill level 12 in Long Blades
 15316 | Orc:2    | Killed an orc warlord
 15326 | Orc:2    | Found Wipri's Antique Weapon Boutique.
 15332 | Orc:2    | Found Caerapre's Antique Armour Shop.
 15333 | Orc:2    | Found a roughly hewn altar of Beogh.
 15448 | Orc:2    | Found a roughly hewn altar of Beogh.
 15718 | Orc:2    | Found a roughly hewn altar of Beogh.
 15739 | Orc:2    | Found Guannat's Antique Weapon Shoppe.
 15952 | Lair:1   | Entered Level 1 of the Lair of Beasts
 16254 | Lair:1   | Found the +0 sword of Power
 16334 | Lair:1   | Received a gift from Trog
 16821 | Lair:2   | Reached XP level 14. HP: 114/114 MP: 14/14
 17138 | Lair:2   | Got a shimmering ring mail
 17153 | Lair:2   | Identified the +1 ring mail "Yhomemui" {rC+} (You found it on level 2 of the Lair of Beasts)
 17838 | Lair:3   | Identified a scroll of acquirement
 17967 | Lair:3   | Found a staircase to the Snake Pit.
 17991 | Lair:3   | Upgraded the game from 0.22.0-38-g04b72b8 to 0.22.0-40-g68aacdc
 18256 | Lair:3   | Found a staircase to the Shoals.
 19285 | Lair:4   | Received a gift from Trog
 20586 | Lair:5   | Found a shimmering altar of Xom.
 21252 | Lair:6   | Entered Level 6 of the Lair of Beasts
 21898 | Lair:6   | Gained mutation: You are completely covered in icy blue scales. (AC +4, rC+) [demonic ancestry]
 21898 | Lair:6   | Reached XP level 15. HP: 122/122 MP: 15/15
 21910 | Lair:6   | Reached skill level 13 in Long Blades
 22135 | Lair:6   | Received a gift from Trog
 22399 | Lair:6   | Reached skill level 10 in Dodging
 22770 | Lair:6   | Found a runed door.
 22770 | Lair:6   | Found a viscous altar of Jiyva.
 22774 | Lair:6   | Found a staircase to the Slime Pits.
 22774 | Lair:6   | Noticed an azure jelly
 22787 | Lair:6   | Killed an azure jelly
 23418 | Shoals:1 | Entered Level 1 of the Shoals
 23486 | Shoals:1 | Found a runed gate.
 23486 | Shoals:1 | Found a runed gate.
 23510 | Shoals:1 | Found a runed gate.
 23513 | Shoals:1 | Noticed Folque's ghost (journeyman DsWz)
 23522 | Shoals:1 | Received a gift from Trog
 23540 | Shoals:1 | Killed Folque's ghost
 24152 | Shoals:1 | HP: 2/124 [satyr/sling bullet (15)]
 24169 | Shoals:1 | HP: 3/124 [satyr/sling bullet (16)]
 25350 | Shoals:2 | Reached skill level 10 in Shields
 25782 | Shoals:3 | Found a runed door.
 25804 | Shoals:3 | Found a shimmering altar of Xom.
 25804 | Shoals:3 | Noticed Qoguth's ghost (adept MiFi)
 25825 | Shoals:3 | Killed Qoguth's ghost
 26060 | Shoals:3 | Received a gift from Trog
 26107 | Shoals:3 | Got a glittering ivory ring
 26109 | Shoals:3 | Identified the ring of Pollec {rN+ Str+3} (You acquired it on level 3 of the Shoals)
 26205 | Shoals:3 | Noticed a kraken
 26480 | Shoals:3 | Gained mutation: You are immune to freezing clouds. [demonic ancestry]
 26480 | Shoals:3 | Reached XP level 16. HP: 131/131 MP: 16/16
 27316 | Shoals:3 | Killed a kraken
 27807 | Shoals:4 | Entered Level 4 of the Shoals
 27844 | Shoals:4 | Got a polished ring mail
 27855 | Shoals:4 | Identified the +1 ring mail "Qekoupul" {MR+++ Regen+ Str-4 Int+3} (You found it on level 4 of the Shoals)
 28047 | Shoals:4 | Received a gift from Trog
 28413 | Shoals:4 | Reached skill level 14 in Long Blades
 28444 | Shoals:4 | HP: 5/132 [merfolk aquamancer/rapier of holy wrath (13)]
 28445 | Shoals:4 | HP: 2/132 [merfolk aquamancer/torrent of water (29)]
 28445 | Shoals:4 | Killed from afar by a merfolk aquamancer

Skill      XL: |  1  2  3  4  5  6  7  8  9 10 11 12 13 14 15 16 |
---------------+-------------------------------------------------+-----
Long Blades    | 3 4 5 6 7 9 10 11 12 13 14 | 14.0
Armour         | 2 3 4 5 7 8 9 10 11 12 13 | 13.4
Dodging        | 2 3 4 5 6 7 8 9 10 | 10.8
Fighting       | 4 5 7 8 9 10 11 12 13 | 13.8
Shields        | 2 4 7 8 10 | 10.8
Stealth        | 1 |  1.7

Action                   |  1- 3 |  4- 6 |  7- 9 | 10-12 | 13-15 | 16-18 || total
-------------------------+-------+-------+-------+-------+-------+-------++-------
Melee: Falchion          |   133 |   160 |   394 |       |       |       ||   687
       Headbutt          |    10 |    35 |   108 |   168 |   439 |    73 ||   833
       Scimitar          |       |       |    16 |   622 |  1520 |   248 ||  2406
Invok: Berserk           |     2 |     4 |     8 |    10 |    22 |     2 ||    48
       Brothers in Arms  |       |       |       |     2 |    11 |     3 ||    16
  Use: Scroll            |       |       |    13 |     8 |    26 |     2 ||    49
       Potion            |       |       |     1 |     1 |     8 |     3 ||    13
 Stab: Distracted        |       |       |       |     1 |     3 |       ||     4
       Sleeping          |       |       |       |       |       |     1 ||     1
  Eat: Chunk             |     3 |    10 |    13 |    21 |    41 |     5 ||    93
       Ration            |       |       |     4 |     2 |    10 |     1 ||    17
Armor: Chain mail        |    84 |     9 |       |       |       |       ||    93
       Animal skin       |     2 |       |       |       |       |       ||     2
       Plate armour      |       |   176 |   210 |   410 |   897 |    61 ||  1754
       Ring mail         |       |       |       |       |       |    28 ||    28
Dodge: Dodged            |    78 |   104 |   186 |   302 |   700 |   131 ||  1501
Block: Shield            |       |       |       |   170 |   833 |   110 ||  1113
       Rpst.: Falchion   |    26 |    37 |    58 |       |       |       ||   121
       Scimitar          |       |       |     2 |    84 |   173 |    29 ||   288
